 Dungeon Crawl Stone Soup version 0.21.1-1-g345015f (webtiles) character file.

845 letownia2 the Conjurer (level 8, -3/44 HPs)
             Began as a Tengu Wizard on Mar 4, 2018.
             Shot with an arrow by a centaur (7 damage)
             ... on level 6 of the Dungeon.
             The game lasted 00:14:31 (2100 turns).

letownia2 the Conjurer (Tengu Wizard)               Turns: 2100, Time: 00:14:31

Health: -3/44      AC:  3    Str:  9    XL:     8   Next: 0%
Magic:  9/16       EV: 12    Int: 20    God:
Gold:   81         SH:  0    Dex: 12    Spells: 5/16 levels left

rFire    . . .     SeeInvis .   e - +0 spear
rCold    . . .     Gourm    .   (no shield)
rNeg     . . .     Faith    .   m - +0 leather armour (curse)
rPois    .         Spirit   .   b - +0 hat
rElec    .         Reflect  .   (no cloak)
rCorr    .         Harm     .   (no gloves)
MR       +....                  (boots unavailable)
Stlth    ++........             (no amulet)
HPRegen  0.14/turn              j - ring of protection from magic
MPRegen  0.15/turn              (no ring)

@: no status effects
A: beak, talons 3, able to fly 1
a: Fly


You were on level 6 of the Dungeon.
You were not hungry.

You visited 1 branch of the dungeon, and saw 6 of its levels.
You also visited: Sewer.

You collected 81 gold pieces.

Inventory:

Hand Weapons
 a - a +0 arbalest
 e - a +0 spear (weapon)
Armour
 b - a +0 hat (worn)
 m - a cursed +0 leather armour (worn)
Jewellery
 j - a ring of protection from magic (left hand)
Wands
 s - a wand of acid (2)
Scrolls
 f - 5 scrolls of identify {unknown}
 i - 3 scrolls of teleportation {unknown}
 k - 2 scrolls of magic mapping {unknown}
 l - 2 scrolls of remove curse {unknown}
 p - 2 scrolls of enchant armour {unknown}
 q - a scroll of enchant weapon {unknown}
Potions
 g - 4 potions of flight {unknown}
 h - 2 potions of curing {unknown}
 n - a potion of heal wounds {unknown}
 r - a potion of agility {unknown}
Books
 c - a book of Minor Magic

   Spells                             Type                      Level
   a - Magic Dart                     Conjuration                  1
   b - Blink                          Translocation                2
   c - Call Imp                       Summoning                    2
   d - Slow                           Hexes                        2
   e - Conjure Flame                  Conjuration/Fire             3
   f - Mephitic Cloud                 Conjuration/Poison/Air       3
Comestibles
 d - 5 rations
 o - 2 chunks of flesh


   Skills:
 - Level 2.3 Fighting
 - Level 2.0 Armour
 - Level 3.1 Dodging
 - Level 2.0 Stealth
 + Level 4.7 Spellcasting
 - Level 5.9 Conjurations
 - Level 1.2 Summonings
 - Level 3.2 Translocations
 - Level 1.3 Fire Magic
 - Level 2.6 Air Magic


You had 5 spell levels left.
You knew the following spells:

 Your Spells              Type           Power        Failure   Level  Hunger
a - Magic Dart            Conj           ####         1%          1    None
b - Blink                 Tloc           N/A          6%          2    #......
c - Conjure Flame         Conj/Fire      ###.....     11%         3    ##.....
e - Mephitic Cloud        Conj/Pois/Air  ###.....     16%         3    ##.....
i - Call Imp              Summ           #.......     16%         2    #......


Dungeon Overview and Level Annotations

Branches:
Dungeon (6/15)
 Temple: D:4-7

Altars:
Dithmenos
Gozag
Hepliaklqana
Makhleb
Xom
Zin

Shops:
D:4 [

Annotations:
D:3 letownia2's ghost, weakling TeWz


Innate Abilities, Weirdness & Mutations

You have a beak for a mouth.
You have claws for feet.
You can fly.


Message History

Items here: )))) [[ † You butcher the orc corpse.
o - 2 chunks of flesh
Items here: )))) [[ ÷ Unknown command.
Okay, then.
Items here: )) [ †† a dagger; a whip; a leather armour; an orc corpse; a black bear corpse You see here a flail.
Found a tapered fluorescent wand.
s - a wand of acid (2)
Found a shadowy altar of Dithmenos.
A centaur comes into view.
The centaur shouts!
You hear a loud, deep croak!
The centaur wields a shortbow.
The centaur shoots an arrow.
The arrow hits you!
* * * LOW HITPOINT WARNING * * *
Found a wand of acid (11).
You see here an arrow.
The centaur shoots an arrow.
The arrow hits you!
You die...

#.......................<.####
###.....###.#.#..#............
#....................#.......
#...###......#................
#..##.##.....#........#......o
##.#._.#.#...#........###.....
#.......#...#....... #....o
##.....##..#(....... .....
##...####..@.c....# #####
#..........# #..........#
#..........' ............#
...../........ ...............
........#.F....


You could see a bullfrog and a centaur.

Vanquished Creatures
  A black bear (D:6)
  A sky beast (D:5)
  2 ogres
  A big kobold (Sewer)
  2 howler monkeys
  2 orc priests (D:5)
  A hound (D:4)
  An iguana (D:4)
  An orc wizard (D:5)
  2 worker ants (D:5)
  A hound zombie (D:6)
  A hound skeleton (D:5)
  A howler monkey skeleton (D:4)
  6 adders
  A river rat (Sewer)
  A dart slug (D:2)
  A leopard gecko (D:5)
  14 orcs
  3 ball pythons
  A bat skeleton (D:4)
  A giant cockroach (D:4)
  2 goblins (D:1)
  4 hobgoblins
  3 jackals
  A quokka (D:5)
  2 bats (D:1)
  2 frilled lizards (D:1)
  2 kobolds
  3 leopard gecko skeletons
  A leopard gecko zombie (D:5)
  A quokka skeleton (D:4)
  5 rats
71 creatures vanquished.

Vanquished Creatures (collateral kills)
  An orc (D:4)
  3 jackals (D:2)
  2 kobolds (Sewer)
6 creatures vanquished.

Grand Total: 77 creatures vanquished

Notes
Turn   | Place    | Note
-------+----------+-------------------------------------------
     0 | D:1      | letownia2 the Tengu Wizard began the quest for the Orb.
     0 | D:1      | Reached XP level 1. HP: 10/10 MP: 5/5
    77 | D:1      | Reached skill level 2 in Conjurations
   202 | D:1      | Reached XP level 2. HP: 15/15 MP: 2/7
   233 | D:1      | Reached skill level 3 in Conjurations
   260 | D:1      | Learned a level 2 spell: Call Imp
   391 | D:3      | Reached skill level 4 in Conjurations
   391 | D:3      | Reached XP level 3. HP: 16/19 MP: 3/8
   396 | D:3      | Learned a level 3 spell: Mephitic Cloud
   455 | D:3      | Reached skill level 1 in Air Magic
   458 | D:3      | Noticed letownia2's ghost (weakling TeWz)
   513 | D:4      | Noticed an ogre
   513 | D:4      | Noticed a scorpion
   533 | D:4      | Reached XP level 4. HP: 24/24 MP: 2/9
   567 | D:4      | Learned a level 3 spell: Conjure Flame
   579 | D:4      | Found a glowing drain.
   590 | Sewer    | Entered a sewer
   649 | Sewer    | Noticed a big kobold
   656 | Sewer    | Killed a big kobold
   656 | Sewer    | Reached skill level 1 in Fighting
   656 | Sewer    | Reached skill level 5 in Conjurations
   656 | Sewer    | Reached skill level 1 in Fire Magic
   656 | Sewer    | Gained mutation: You can fly. [Tengu growth]
   656 | Sewer    | Reached XP level 5. HP: 23/29 MP: 1/10
   675 | Sewer    | Found a white marble altar of Elyvilon.
   922 | D:4      | Reached skill level 1 in Armour
  1079 | D:4      | Found Evoschar's Armour Emporium.
  1086 | D:4      | Noticed an ogre
  1098 | D:4      | Killed an ogre
  1098 | D:4      | Reached XP level 6. HP: 35/35 MP: 0/11
  1187 | D:4      | Found a burning altar of Makhleb.
  1189 | D:4      | Noticed a green death
  1205 | D:5      | Entered Level 5 of the Dungeon
  1215 | D:5      | Noticed an ice beast
  1235 | D:5      | Learned a level 2 spell: Blink
  1288 | D:5      | Reached skill level 1 in Translocations
  1288 | D:5      | Reached XP level 7. HP: 36/40 MP: 3/13
  1715 | D:5      | Found an iron altar of Okawaru.
  1717 | D:5      | Found a shimmering altar of Xom.
  1717 | D:5      | Found a glowing silver altar of Zin.
  1719 | D:5      | Found a shimmering altar of Xom.
  1719 | D:5      | Found a hazy altar of Hepliaklqana.
  1719 | D:5      | Found an opulent altar of Gozag.
  1808 | D:5      | HP: 1/40 [orc wizard/puff of flame (11)]
  2031 | D:6      | Reached XP level 8. HP: 20/44 MP: 0/16
  2085 | D:6      | Found a shadowy altar of Dithmenos.
  2100 | D:6      | Shot with an arrow by a centaur

Skill      XL: |  1  2  3  4  5  6  7 |
---------------+----------------------+-----
Conjurations   | 2 4 5 |  5.9
Air Magic      | 1 2 |  2.6
Fighting       | 1 2 |  2.3
Fire Magic     | 1 |  1.3
Armour         | 1 2 |  2.0
Dodging        | 3 |  3.1
Translocations | 1 3 |  3.2
Spellcasting   | 4 |  4.7
Stealth        | |  2.0
Summonings     | |  1.2

Action                   |  1- 3 |  4- 6 |  7- 9 || total
-------------------------+-------+-------+-------++-------
Melee: Unarmed           |     1 |       |       ||     1
       Spear             |    25 |    58 |    49 ||   132
       Kick              |     3 |    11 |     4 ||    18
       Peck              |     1 |     9 |     7 ||    17
 Cast: Magic Dart        |    38 |    35 |    42 ||   115
       Call Imp          |     1 |     3 |       ||     4
       Mephitic Cloud    |       |     6 |    11 ||    17
       Conjure Flame     |       |     2 |     3 ||     5
       Blink             |       |       |     1 ||     1
 Stab: Confused          |       |     1 |     3 ||     4
  Eat: Chunk             |       |     2 |     4 ||     6
Armor: Robe              |    12 |       |       ||    12
       Leather armour    |     1 |     5 |     9 ||    15
Dodge: Dodged            |    29 |    23 |    24 ||    76
